 Dungeon Crawl Stone Soup version 0.31-a0-750-gfe7b580527 (webtiles) character file.

Game seed: 7906591414755862984

178 cforsyth the Trooper (level 5, -7/42 HPs)
             Began as a Djinni Delver on Sept 14, 2023.
             Mangled by an iron imp (9 damage)
             ... on level 4 of the Dungeon.
             The game lasted 00:02:43 (2736 turns).

cforsyth the Trooper (Djinni Delver)                Turns: 2736, Time: 00:02:43

Health: -7/42      AC:  3    Str: 11    XL:     5   Next: 89%
Gold:   223        EV: 12    Int: 13    God:
                   SH:  0    Dex: 15

rFire   + + .        a - +0 falchion
rCold   x . .        (no shield)
rNeg    . . .        b - +0 leather armour
rPois   ∞            (no helmet)
rElec   .            (no cloak)
rCorr   .            (no gloves)
SInv    .            (boots unavailable)
Will    .....        (no amulet)
Stlth   ++           (no ring)
HPRegen 0.27/turn    (no ring)
MPRegen 0.00/turn

%: infuse magic (-8 HP)
@: flying
A: sickness immunity, fire resistance 2, cold vulnerability 1, float, innate
caster, HP casting, extra vitality 1
a: no special abilities


You were on level 4 of the Dungeon.
You visited 2 branches of the dungeon, and saw 5 of its levels.

You collected 223 gold pieces.

Inventory:

Hand Weapons
 a - a +0 falchion (weapon)
Armour
 b - a +0 leather armour (worn)
Jewellery
 m - a ring of willpower
 q - a ring of protection from fire
Wands
 g - a wand of digging (3)
Scrolls
 c - 2 scrolls of fog
 d - a scroll of revelation
 e - a scroll of fear
 h - 2 scrolls of poison {unknown}
 i - 3 scrolls of identify {unknown}
 l - a scroll of teleportation {unknown}
 p - 2 scrolls of amnesia {unknown}
 r - a scroll of blinking {unknown}
 t - a scroll of enchant weapon {unknown}
 u - a scroll of vulnerability {unknown}
 v - a scroll of silence {unknown}
Potions
 f - 2 potions of haste
 j - 3 potions of attraction {unknown}
 k - a potion of curing {unknown}
 n - a potion of brilliance {unknown}
 o - a potion of degeneration {unknown}
 s - a potion of mutation {unknown}


   Skills:
 + Level 4.7 Fighting
 - Level 1.7 Long Blades
 - Level 2.1 Dodging
 - Level 4.1 Stealth
 + Level 2.5 Spellcasting
 + Level 2.5 Conjurations
 + Level 2.5 Hexes
   Level 0.0 Charms
 + Level 2.5 Summonings
 + Level 2.5 Necromancy
 + Level 2.5 Translocations
 + Level 2.5 Transmutations
 + Level 2.5 Fire Magic
 + Level 2.5 Ice Magic
 + Level 2.5 Air Magic
 + Level 2.5 Earth Magic
 + Level 2.5 Poison Magic


You knew the following spells:

 Your Spells              Type           Power      Damage    Failure   Level
a - Foxfire               Conj/Fire      32%        2x1d5     12%         1
b - Lesser Beckoning      Tloc           16%        N/A       17%         2
Your spell library was empty.

Dungeon Overview and Level Annotations

Branches:
Dungeon (5/15)             Temple (1/1) D:4

Altars:
Cheibriados
Elyvilon
Fedhas
Gozag
Makhleb
Nemelex Xobeh
Okawaru
Qazlal
Ru
Wu Jian
Zin
The Shining One


Innate Abilities, Weirdness & Mutations

You are immune to sickness and miasma.
You are immune to poison.
Your flesh is very heat resistant. (rF++)
You are vulnerable to cold. (rC-)
You float through the air rather than walking.
You learn spells naturally, not from books.
Your magical power is your life essence.
You have superior vitality. (+4 MHP)


Message History

An iron imp is nearby!
An iron imp is nearby!
The iron imp shouts, "Quit, thou gleeking fool-headed gudgeon!"
The iron imp barely misses you.
You hit the iron imp but do no damage. The iron imp misses you.
You hit the iron imp but do no damage. The iron imp hits you.
You barely miss the iron imp. The iron imp barely misses you.
You barely miss the iron imp. The iron imp barely misses you.
You hit the iron imp but do no damage. The iron imp closely misses you.
You barely miss the iron imp. The iron imp hits you!
You hit the iron imp.
The iron imp is lightly wounded.
You hit the iron imp.
The iron imp is moderately wounded.
The iron imp hits you!
You are too injured to fight recklessly!
You are too injured to fight recklessly!
You are too injured to fight recklessly!
You are too injured to fight recklessly!
You are too injured to fight recklessly!
You are too injured to fight recklessly!
You are too injured to fight recklessly!
You are too injured to fight recklessly!
You hit the iron imp.
The iron imp is heavily wounded.
The iron imp closely misses you.
You completely miss the iron imp.
The iron imp is heavily wounded.
The iron imp closely misses you.
You barely miss the iron imp.
The iron imp is heavily wounded.
The iron imp hits you!
* * * LOW HITPOINT WARNING * * *
You barely miss the iron imp.
The iron imp is heavily wounded.
The iron imp hits you but does no damage.
The iron imp attacks as it pursues you! The iron imp hits you!
* * * LOW HITPOINT WARNING * * *
The iron imp attacks as it pursues you! The iron imp hits you!
You die...

#........§≈ ###+
#.#.....§§§....#...
#.#.....§§.....#...
#.#....≈85.._..#...
#.#.....≈≈.....#...
#.#.....§§5....#...
#.#.....§≈§...$#...
#.#.....§§≈§§≈.#...
#.@5......(§§≈.#...
#.#............#...
#.##############.##
#.......'........#
#########........#
#........#
#........#
#........#
#####'#####


You could see 2 iron imps.

Vanquished Creatures
  A phantom (D:5)
  A hound (D:3)
  An adder (D:4)
  2 shadow imps (D:5)
  A worm (D:3)
  4 dart slugs
  4 orcs
  An endoplasm (D:3)
  3 giant cockroaches
  A goblin (D:3)
  A hobgoblin (D:2)
  2 jackals (D:2)
  4 quokkas
  2 ball pythons
  3 bats
  2 frilled lizards
  5 kobolds
  3 rats
41 creatures vanquished.

Vanquished Creatures (collateral kills)
  4 foxfires (D:2)
4 creatures vanquished.

Vanquished Creatures (others)
  257 foxfires
257 creatures vanquished.

Grand Total: 302 creatures vanquished

Notes
Turn   | Place    | Note
-------+----------+-------------------------------------------
     0 | D:5      | cforsyth the Djinni Delver began the quest for the Orb.
     0 | D:5      | Reached XP level 1. HP: 20/20 MP: 0/0
    39 | D:5      | Reached XP level 2. HP: 11/25 MP: 0/0
   128 | D:5      | Noticed a phantom
   141 | D:5      | Killed a phantom
   142 | D:5      | Reached skill level 1 in Spellcasting
   142 | D:5      | Reached skill level 1 in Conjurations
   142 | D:5      | Reached skill level 1 in Hexes
   142 | D:5      | Reached skill level 1 in Summonings
   142 | D:5      | Reached skill level 1 in Necromancy
   142 | D:5      | Reached skill level 1 in Translocations
   142 | D:5      | Reached skill level 1 in Transmutations
   142 | D:5      | Reached skill level 1 in Fire Magic
   142 | D:5      | Reached skill level 1 in Ice Magic
   142 | D:5      | Reached skill level 1 in Air Magic
   142 | D:5      | Reached skill level 1 in Earth Magic
   142 | D:5      | Reached skill level 1 in Poison Magic
   142 | D:5      | Reached XP level 3. HP: 13/31 MP: 0/0
   142 | D:5      | Learned a level 1 spell: Foxfire
   142 | D:5      | Reached XP level 4. HP: 16/37 MP: 0/0
   416 | D:4      | Found a staircase to the Ecumenical Temple.
   425 | Temple   | Entered the Ecumenical Temple
   512 | D:4      | Reached XP level 5. HP: 39/41 MP: 0/0
   512 | D:4      | Learned a level 2 spell: Lesser Beckoning
  1552 | D:3      | Found an iron altar of Okawaru.
  2699 | D:4      | Found a burning altar of Makhleb.
  2735 | D:4      | HP: 2/42 [iron imp (11)]
  2736 | D:4      | Mangled by an iron imp

Illustrated notes

Levels and vault maps discovered:
D:2:      layout_rooms, serial_forest, infiniplex_forest_zigzag_2,
          infiniplex_forest_clump_diagonal, infiniplex_forest_end_1,
          infiniplex_forest_lined_4_way, infiniplex_forest_lined_room_2
D:3:      layout_basic, okawaru_gym_becter
D:4:      layout_basic, demons_altar, minmay_temple_entry_stoned_glass,
          serial_glass, glass_columns_c, glass_columns_a
D:5:      layout_layer_cave, lemuel_tele_altar, gup_sewer_entry_pipe
Temple:   chequers_temple_sunken

Skill      XL: |  1  2  3  4 |
---------------+-------------+-----
Fighting       | 4 |  4.7
Spellcasting   | 1 2 |  2.5
Conjurations   | 1 2 |  2.5
Hexes          | 1 2 |  2.5
Summonings     | 1 2 |  2.5
Necromancy     | 1 2 |  2.5
Translocations | 1 2 |  2.5
Transmutations | 1 2 |  2.5
Fire Magic     | 1 2 |  2.5
Ice Magic      | 1 2 |  2.5
Air Magic      | 1 2 |  2.5
Earth Magic    | 1 2 |  2.5
Poison Magic   | 1 2 |  2.5
Long Blades    | |  1.7
Dodging        | |  2.1
Stealth        | |  4.1

Action                     |  1- 3 |  4- 6 || total
---------------------------+-------+-------++-------
  Melee: Falchion          |    19 |    36 ||    55
   Cast: Foxfire           |       |   148 ||   148
   Stab: Sleeping          |       |     2 ||     2
 Armour: Leather armour    |    12 |    26 ||    38
  Dodge: Dodged            |     7 |    30 ||    37

Table legend: (Time is in decaauts)
 A = Elapsed time spent in this place.
 B = Non-inter-level travel time spent in this place.
 C = Inter-level travel time spent in this place.
 D = Time resting spent in this place.
 E = Time spent auto-exploring this place.
 F = Levels seen in this place.
 G = Mean time per level.
                   A        B        C        D        E       F      G
               +--------+--------+--------+--------+--------+-----+--------+
         Total |   2749 |   2611 |    138 |     56 |   2121 |   5 |  549.8 |
       Dungeon |   2747 |   2609 |    138 |     56 |   2121 |   4 |  686.8 |
        Temple |      1 |      1 |      0 |      0 |      0 |   1 |    1.0 |
               +--------+--------+--------+--------+--------+-----+--------+

Top non-repeatable levels by time:
     D:3: 1025 daAuts
     D:4: 768 daAuts
     D:2: 707 daAuts
     D:5: 246 daAuts
  Temple: 1 daAuts
